 Dungeon Crawl Stone Soup version 0.29-a0-529-gfa20dd96a1 (webtiles) character file.

Game seed: 16199364749211379467

192 bande the Protected (level 5, -4/37 HPs)
             Began as a Gnoll Wanderer on June 1, 2022.
             Was an Initiate of Okawaru.
             Slain by a worm (9 damage)
             ... in the Ecumenical Temple.
             The game lasted 00:05:39 (3365 turns).

bande the Protected (Gnoll Wanderer)                Turns: 3365, Time: 00:05:40

Health: -4/37      AC: 14    Str: 12    XL:     5   Next: 71%
Magic:  9/9        EV:  7    Int: 12    God:    Okawaru [......]
Gold:   107        SH:  0    Dex: 18    Spells: 9/10 levels left

rFire   . . .      SeeInvis .   a - +0 war axe
rCold   . . .      Faith    .   (no shield)
rNeg    . . .      Spirit   .   n - +1 chain mail
rPois   .          Reflect  .   p - +0 helmet
rElec   .          Harm     .   (no cloak)
rCorr   .          Rampage  .   (no gloves)
Will    .....                   (no boots)
Stlth   ..........              j - amulet of regeneration
HPRegen 0.92/turn               k - +6 ring of dexterity
MPRegen 0.11/turn               (no ring)

@: no status effects
A: fangs 1, strong nose, distributed training
a: Renounce Religion


You were in the Ecumenical Temple.
You worshipped Okawaru.
Okawaru was noncommittal.
You visited 2 branches of the dungeon, and saw 5 of its levels.

You collected 107 gold pieces.

Inventory:

Hand Weapons
 a - a +0 war axe (weapon)
Missiles
 f - a throwing net
Armour
 n - a +1 chain mail (worn)
 p - a +0 helmet (worn)
Jewellery
 j - an amulet of regeneration (around neck)
 k - a +6 ring of dexterity (left hand)
Scrolls
 c - a scroll of blinking
 m - a scroll of teleportation
Potions
 b - 3 potions of curing {unknown}
 d - a potion of mutation
 e - a potion of heal wounds
 g - a potion of resistance
 h - 2 potions of cancellation
 i - 2 potions of berserk rage
 l - a potion of ambrosia
 o - a potion of flight {unknown}
 q - a potion of might {unknown}


   Skills:
 + Level 1.6 Fighting
 + Level 1.6 Short Blades
 + Level 1.6 Long Blades
 + Level 4.8 Axes
 + Level 1.6 Maces & Flails
 + Level 1.6 Polearms
 + Level 1.6 Staves
 + Level 1.6 Slings
 + Level 1.6 Bows
 + Level 1.6 Crossbows
 + Level 1.6 Throwing
 + Level 10.5 Armour
 + Level 1.6 Dodging
 + Level 1.6 Stealth
 + Level 1.6 Shields
 + Level 1.6 Unarmed Combat
 + Level 3.2 Spellcasting
 + Level 1.2 Conjurations
 + Level 1.2 Hexes
 + Level 1.2 Summonings
 + Level 1.2 Necromancy
 + Level 1.2 Translocations
 + Level 1.2 Transmutations
 + Level 1.2 Fire Magic
 + Level 4.0 Ice Magic
 + Level 1.2 Air Magic
 + Level 1.2 Earth Magic
 + Level 1.2 Poison Magic
 + Level 1.8 Invocations
 + Level 1.6 Evocations


You had 9 spell levels left.
You knew the following spells:

 Your Spells              Type           Power      Damage    Failure   Level
a - Freeze                Ice            44%        1d6       67%         1

Your spell library contained the following spells:

 Spells                   Type           Power      Damage    Failure   Level
 Necrotize                Necr           20%        1d5       95%         1
 Ozocubu's Armour         Ice            11%        N/A       95%         3
 Vampiric Draining        Necr           5%         2d6       100%        3
 Agony                    Necr           5%         N/A       100%        5


Dungeon Overview and Level Annotations

Branches:
Dungeon (4/15)             Temple (1/1) D:4

Altars:
Nemelex Xobeh
Okawaru
Wu Jian

Annotations:
D:4 Grinder


Innate Abilities, Weirdness & Mutations

You have very sharp teeth.
Your uncanny sense of smell can sniff out nearby items.
Your experience applies equally to all skills.


Message History

The howler monkey closely misses you.
The iguana bites you but does no damage.
You climb downwards.
Welcome back to the Ecumenical Temple!
There is a staircase back to the Dungeon here.
You hit the howler monkey.
The howler monkey is lightly wounded.
You hit the worm. You hit the iguana but do no damage.
The howler monkey closely misses you. The iguana barely misses you.
The worm bites you but does no damage.
The howler monkey hits you but does no damage.
You hit the howler monkey.
You bite the howler monkey, but do no damage.
The howler monkey is heavily wounded.
You hit the worm. You closely miss the iguana.
The iguana hisses menacingly.
The iguana bites you but does no damage.
The howler monkey barely misses you. The worm bites you. The iguana bites you!
You barely miss the iguana. You hit the howler monkey. You hit the worm.
The howler monkey hits you but does no damage.
The iguana barely misses you. The howler monkey hits you.
The worm bites you but does no damage.
Unknown command.
You hit the iguana but do no damage. You slash the worm!
You hit the howler monkey.
The howler monkey hoots and howls with incredible vigour!
The iguana bites you! The worm bites you but does no damage.
You barely miss the iguana. You punch the iguana, but do no damage.
You barely miss the howler monkey. You barely miss the worm.
The howler monkey barely misses you.
The iguana bites you but does no damage.
The howler monkey hits you but does no damage.
The iguana bites you!
* * * LOW HITPOINT WARNING * * *
You hit the iguana. You bite the iguana, but do no damage.
The iguana is lightly wounded.
You hit the worm. You hit the howler monkey.
You kill the howler monkey!
Okawaru accepts your kill. The worm bites you!
You die...

#...# #...# #...#
#...# #...#######
##+###...##....##
.........#......#
.........'....@l#
.........#.....w#
##+###...##....##
#...####### #...#
#...# #...# #...#
#...#


You could see a worm and an iguana.

Vanquished Creatures
  A howler monkey (Temple)
  A hound (D:4)
  Jessica (D:2)
  Terence (D:2)
  Robin (D:4)
  2 adders
  5 worms
  2 orcs
  6 endoplasms
  2 giant cockroaches
  14 goblins
  10 hobgoblins
  2 quokkas
  7 ball pythons
  3 bats
  3 frilled lizards
  3 kobolds
  4 rats
68 creatures vanquished.

Notes
Turn   | Place    | Note
-------+----------+-------------------------------------------
     0 | D:1      | Reached skill level 10 in Armour
     0 | D:1      | bande the Gnoll Wanderer began the quest for the Orb.
     0 | D:1      | bande set off with the following items: a +0 war axe, a +0
                  | scale mail, a scroll of blinking; and the following spell
                  | memorised: Freeze; and the following spells available to
                  | memorise: Ozocubu's Armour
     0 | D:1      | Reached XP level 1. HP: 13/13 MP: 4/4
   275 | D:1      | Reached XP level 2. HP: 7/19 MP: 5/5
  1125 | D:1      | Reached XP level 3. HP: 17/25 MP: 7/7
  1360 | D:2      | Noticed Terence
  1375 | D:2      | HP: 1/25 [Terence/+0 hand axe (5)]
  1376 | D:2      | Killed Terence
  1377 | D:2      | Reached skill level 1 in Fighting
  1377 | D:2      | Reached skill level 1 in Short Blades
  1377 | D:2      | Reached skill level 1 in Long Blades
  1377 | D:2      | Reached skill level 1 in Maces & Flails
  1377 | D:2      | Reached skill level 1 in Polearms
  1377 | D:2      | Reached skill level 1 in Staves
  1377 | D:2      | Reached skill level 1 in Slings
  1377 | D:2      | Reached skill level 1 in Bows
  1377 | D:2      | Reached skill level 1 in Crossbows
  1377 | D:2      | Reached skill level 1 in Throwing
  1377 | D:2      | Reached skill level 1 in Dodging
  1377 | D:2      | Reached skill level 1 in Stealth
  1377 | D:2      | Reached skill level 1 in Shields
  1377 | D:2      | Reached skill level 1 in Unarmed Combat
  1377 | D:2      | Reached skill level 1 in Invocations
  1377 | D:2      | Reached skill level 1 in Evocations
  1917 | D:2      | Noticed Jessica
  1921 | D:2      | Killed Jessica
  1922 | D:2      | Reached XP level 4. HP: 32/32 MP: 8/8
  1955 | D:2      | Reached skill level 1 in Conjurations
  1955 | D:2      | Reached skill level 1 in Hexes
  1955 | D:2      | Reached skill level 1 in Summonings
  1955 | D:2      | Reached skill level 1 in Necromancy
  1955 | D:2      | Reached skill level 1 in Translocations
  1955 | D:2      | Reached skill level 1 in Transmutations
  1955 | D:2      | Reached skill level 1 in Fire Magic
  1955 | D:2      | Reached skill level 1 in Air Magic
  1955 | D:2      | Reached skill level 1 in Earth Magic
  1955 | D:2      | Reached skill level 1 in Poison Magic
  2596 | D:3      | Reached XP level 5. HP: 37/37 MP: 9/9
  3132 | D:4      | Noticed Robin
  3147 | D:4      | Killed Robin
  3183 | D:4      | Found a staircase to the Ecumenical Temple.
  3186 | D:4      | Noticed Grinder
  3194 | D:4      | Paralysed by Grinder for 4 turns
  3224 | Temple   | Entered the Ecumenical Temple
  3312 | Temple   | Became a worshipper of Warmaster Okawaru
  3365 | Temple   | Slain by a worm

Illustrated notes

Levels and vault maps discovered:
D:1:      dpeg_arrival_shrine, layout_loops_cross
D:2:      layout_basic, uniq_jessica, uniq_terence
D:3:      kb_forest_paths, layout_rooms
D:4:      layout_basic, minmay_temple_entry_mini_moons, serial_shops, shop,
          uniq_robin, uniq_grinder
Temple:   mainiacjoe_temple_cubbyholes

Skill      XL: |  1  2  3  4  5 |
---------------+----------------+-----
Armour         | | 10.5
Fighting       | 1 |  1.6
Short Blades   | 1 |  1.6
Long Blades    | 1 |  1.6
Maces & Flails | 1 |  1.6
Polearms       | 1 |  1.6
Staves         | 1 |  1.6
Slings         | 1 |  1.6
Bows           | 1 |  1.6
Crossbows      | 1 |  1.6
Throwing       | 1 |  1.6
Dodging        | 1 |  1.6
Stealth        | 1 |  1.6
Shields        | 1 |  1.6
Unarmed Combat | 1 |  1.6
Invocations    | 1 |  1.8
Evocations     | 1 |  1.6
Spellcasting   | 3 |  3.2
Conjurations   | 1 |  1.2
Hexes          | 1 |  1.2
Summonings     | 1 |  1.2
Necromancy     | 1 |  1.2
Translocations | 1 |  1.2
Transmutations | 1 |  1.2
Fire Magic     | 1 |  1.2
Air Magic      | 1 |  1.2
Earth Magic    | 1 |  1.2
Poison Magic   | 1 |  1.2
Ice Magic      | 4 |  4.0
Axes           | |  4.8

Action                   |  1- 3 |  4- 6 || total
-------------------------+-------+-------++-------
Melee: War axe           |    93 |   109 ||   202
       Bite              |    11 |    14 ||    25
       Punch             |       |     3 ||     3
 Cast: Freeze            |     1 |       ||     1
  Use: Scroll            |       |    11 ||    11
Armor: Scale mail        |    56 |    16 ||    72
       Chain mail        |       |    56 ||    56
Dodge: Dodged            |    48 |    42 ||    90

Table legend: (Time is in decaauts)
 A = Elapsed time spent in this place.
 B = Non-inter-level travel time spent in this place.
 C = Inter-level travel time spent in this place.
 D = Time resting spent in this place.
 E = Time spent auto-exploring this place.
 F = Levels seen in this place.
 G = Mean time per level.
                   A        B        C        D        E       F      G
               +--------+--------+--------+--------+--------+-----+--------+
         Total |   3419 |   3323 |     96 |    522 |   2215 |   5 |  683.8 |
       Dungeon |   3278 |   3182 |     96 |    500 |   2161 |   4 |  819.5 |
        Temple |    140 |    140 |      0 |     22 |     54 |   1 |  140.0 |
               +--------+--------+--------+--------+--------+-----+--------+

Top non-repeatable levels by time:
     D:1: 1358 daAuts
     D:2: 1150 daAuts
     D:3: 619 daAuts
     D:4: 151 daAuts
  Temple: 140 daAuts
